 Dungeon Crawl Stone Soup version 0.29.1-15-g9cfb28693d (webtiles) character file.

Game seed: 8879957884411694337

16 Ast3rio the Cutter (level 2, 0/29 HPs)
             Began as a Gnoll Cinder Acolyte on Mar 7, 2023.
             Was a High Priest of Ignis.
             Slain by an adder (1 damage)
             ... on level 2 of the Dungeon.
             The game lasted 00:01:32 (1066 turns).

Ast3rio the Cutter (Gnoll Cinder Acolyte)           Turns: 1066, Time: 00:01:33

Health: 0/29       AC:  2    Str: 13    XL:     2   Next: 58%
Magic:  5/5        EV: 11    Int: 13    God:    Ignis [*****.]
Gold:   69         SH:  0    Dex:  7    Spells: 6/6 levels left

rFire   + . .      SeeInvis .   a - -1 short sword (flame)
rCold   . . .      Faith    .   (no shield)
rNeg    . . .      Spirit   .   b - +0 robe
rPois   .          Reflect  .   (no helmet)
rElec   .          Harm     .   (no cloak)
rCorr   .          Rampage  .   (no gloves)
Will    .....                   (no boots)
Stlth   +.........              (no amulet)
HPRegen 0.09/turn               (no ring)
MPRegen 0.09/turn               (no ring)

@: no status effects
A: fangs 1, strong nose, distributed training
a: Renounce Religion, Fiery Armour, Foxfire Swarm, Rising Flame


You were on level 2 of the Dungeon.
You worshipped Ignis.
Ignis was extremely pleased with you.
You visited 1 branch of the dungeon, and saw 2 of its levels.

You collected 69 gold pieces.

Inventory:

Hand Weapons
 a - a -1 short sword of flaming (weapon)
Armour
 b - a +0 robe (worn)
Jewellery
 c - a ring of positive energy
Scrolls
 e - a scroll of vulnerability {unknown}
 g - 2 scrolls of identify {unknown}
 j - a scroll of enchant armour {unknown}
Potions
 d - a potion of attraction {unknown}
 f - a potion of brilliance {unknown}
 h - a potion of lignification {unknown}
 i - a potion of haste {unknown}


   Skills:
 + Level 6.5 Fighting
 + Level 6.5 Short Blades
 + Level 0.5 Long Blades
 + Level 0.5 Axes
 + Level 0.5 Maces & Flails
 + Level 0.5 Polearms
 + Level 0.5 Staves
 + Level 0.5 Ranged Weapons
 + Level 0.5 Throwing
 + Level 0.5 Armour
 + Level 0.5 Dodging
 + Level 0.5 Stealth
 + Level 0.5 Shields
 + Level 0.5 Unarmed Combat
 + Level 2.7 Spellcasting
 + Level 0.3 Conjurations
 + Level 0.3 Hexes
 + Level 0.3 Summonings
 + Level 0.3 Necromancy
 + Level 0.3 Translocations
 + Level 0.3 Transmutations
 + Level 5.3 Fire Magic
 + Level 0.3 Ice Magic
 + Level 0.3 Air Magic
 + Level 0.3 Earth Magic
 + Level 0.3 Poison Magic
 + Level 0.6 Invocations
 + Level 0.5 Evocations


You had 6 spell levels left.
You didn't know any spells.
Your spell library contained the following spells:

 Spells                   Type           Power      Damage    Failure   Level
 Scorch                   Fire           30%        2d6       3%          2
 Magic Dart               Conj           8%         1d3       21%         1
 Searing Ray              Conj           4%         2d4       30%         2
 Fulminant Prism          Conj/Hex       1%         3d6       90%         4


Dungeon Overview and Level Annotations

Branches:
Dungeon (2/15)

Altars:


Innate Abilities, Weirdness & Mutations

You have very sharp teeth.
Your uncanny sense of smell can sniff out nearby items.
Your experience applies equally to all skills.


Message History

You hit the adder. You burn the adder. Your bite misses the adder.
The adder is severely wounded.
The adder bites you.
You are poisoned.
The adder poisons you! The rat bites you.
You barely miss the adder.
The adder is severely wounded.
You feel sick. The adder bites you but does no damage.
The rat bites you but does no damage.
You barely miss the adder. Your bite misses the adder.
The adder is severely wounded.
You feel sick. The adder bites you but does no damage.
The rat barely misses you. The adder closely misses you.
You hit the adder but do no damage.
The adder is severely wounded.
You feel sick. The rat bites you. The adder bites you.
You are too injured to fight recklessly!
You are too injured to fight recklessly!
You are too injured to fight recklessly!
You don't know any spells.
You feel sick.
You are no longer poisoned.
The adder misses you. The rat bites you but does no damage.
You miss the adder.
The adder is severely wounded.
The adder bites you.
* * * LOW HITPOINT WARNING * * *
You barely miss the adder.
The adder is severely wounded.
The rat misses you. The adder bites you.
* * * LOW HITPOINT WARNING * * *
You closely miss the adder.
The adder is severely wounded.
The adder bites you.
* * * LOW HITPOINT WARNING * * *
The rat barely misses you.
You closely miss the adder.
The adder is severely wounded.
The adder bites you.
You die...

........##.....#
#.#########.....#
#. #.#...#
##.##### ##.#.###
##......####..#.#
#........##..##.#
......).....##
(.....r...###
......S@..#
..........#
..........#
#....!...##
..........
...<......#
..........#
..........#


You could see an adder and a rat.

Vanquished Creatures
  3 ball pythons (D:1)
  2 bats
  3 hobgoblins
  3 kobolds
  4 frilled lizards (D:1)
  A rat (D:1)
16 creatures vanquished.

Vanquished Creatures (others)
  A plant (D:1)
1 creature vanquished.

Grand Total: 17 creatures vanquished

Notes
Turn   | Place    | Note
-------+----------+-------------------------------------------
     0 | D:1      | Ast3rio the Gnoll Cinder Acolyte began the quest for the
                  | Orb.
     0 | D:1      | Reached XP level 1. HP: 23/23 MP: 4/4
   343 | D:1      | Found a faded altar of an unknown god.
   361 | D:1      | Reached XP level 2. HP: 27/29 MP: 5/5
  1065 | D:2      | HP: 1/29 [adder (2)]
  1066 | D:2      | Slain by an adder

Illustrated notes

Levels and vault maps discovered:
D:1:      wander_arrival_estate, layout_rooms, dreamdust_ecumenical_altar_grove,
          roderic_serpentine_path, nicolae_figureground_sparkle
D:2:      layout_rooms, kennysheep_flooded_box, uniq_jessica

Action                   || total
-------------------------++-------
Melee: Short sword       ||    71
       Bite              ||     6
Armor: Robe              ||    15
Dodge: Dodged            ||    45
